 Dungeon Crawl Stone Soup version 0.31-a0-750-gfe7b580527 (webtiles) character file.

Game seed: 1139285873242297189

777 randomguy2701 the Chopper (level 7, 0/61 HPs)
             Began as a Hill Orc Fighter on Sept 15, 2023.
             Was an Initiate of Beogh.
             Succumbed to a hornet's poison
             ... on level 5 of the Dungeon.
             The game lasted 00:05:24 (4839 turns).

randomguy2701 the Chopper (Hill Orc Fighter)        Turns: 4839, Time: 00:05:25

Health: 0/61       AC: 13    Str: 19    XL:     7   Next: 84%
Magic:  7/7        EV:  3    Int:  8    God:    Beogh [......]
Gold:   275        SH: 18    Dex: 12    Spells: 6/6 levels left

rFire   + . .        a - +0 war axe
rCold   . . .        v - +0 tower shield
rNeg    + . .        c - +0 plate armour
rPois   .            (no helmet)
rElec   .            w - +0 cloak of Untruth {Fly rF+}
rCorr   .            (no gloves)
SInv    .            (no boots)
Will    .....        q - amulet of reflection Stlth
                     f - ring of positive energy
HPRegen 0.30/turn    (no ring)
MPRegen 0.10/turn

%: reflection
@: mighty, lethally poisoned (0 -> -14), flying, slowed, very slow
A: no striking features
a: Renounce Religion


You were on level 5 of the Dungeon.
You worshipped Beogh.
Beogh was noncommittal.
You visited 1 branch of the dungeon, and saw 5 of its levels.

You collected 275 gold pieces.

Inventory:

Hand Weapons
 a - a +0 war axe (weapon)
Missiles
 b - 2 throwing nets
Armour
 c - a +0 plate armour (worn)
 v - a +0 tower shield (worn)
 w - the +0 cloak of Untruth (worn) {Fly rF+}
   (You found it on level 5 of the Dungeon)

   rF+:       It protects you from fire.
   Fly:       It grants you flight.
Jewellery
 f - a ring of positive energy (left hand)
 q - an amulet of reflection (around neck)
 y - a ring of protection from cold
 z - an amulet of the acrobat
Scrolls
 e - a scroll of butterflies {unknown}
 i - a scroll of brand weapon {unknown}
 n - a scroll of noise {unknown}
 o - 8 scrolls of identify {unknown}
 r - 4 scrolls of teleportation {unknown}
 s - a scroll of enchant weapon {unknown}
 t - a scroll of blinking {unknown}
Potions
 d - 2 potions of might
 g - a potion of mutation {unknown}
 h - a potion of degeneration {unknown}
 j - a potion of curing
 l - 2 potions of haste {unknown}
 m - a potion of resistance {unknown}
 p - a potion of magic {unknown}
 u - a potion of lignification {unknown}
 x - a potion of brilliance {unknown}


   Skills:
 + Level 5.2 Fighting
 + Level 6.7 Axes
 + Level 5.7 Armour
 + Level 1.2 Dodging
 + Level 0.2 Stealth
 + Level 5.5 Shields


You had 6 spell levels left.
You didn't know any spells.
Your spell library contained the following spells:

 Spells                   Type           Power      Damage    Failure   Level
 Apportation              Tloc           0%         N/A       100%        1
 Kiss of Death            Conj/Necr      0%         2d5       100%        1
 Jinxbite                 Hex            0%         N/A       100%        2
 Confusing Touch          Hex            0%         N/A       100%        3
 Tukima's Dance           Hex            0%         N/A       100%        3
 Dimensional Bullseye     Hex/Tloc       0%         N/A       100%        4
 Dispel Undead            Necr           0%         3d6       100%        4
 Iskenderun's Mystic Bla  Conj/Tloc      0%         2d3       100%        4
 Alistair's Intoxication  Tmut/Pois      0%         N/A       100%        5


Dungeon Overview and Level Annotations

Branches:
Dungeon (5/15)
 Temple: D:4-7

Altars:
Kikubaaqudgha
Okawaru
Qazlal
Ru
Trog
Vehumet
Wu Jian


Message History

You block the hornet's attack. The hornet stings you.
* * * LOW HITPOINT WARNING * * *
You feel as though you will be slow longer.
The hornet stings you!
* * * LOW HITPOINT WARNING * * *
You feel as though you will be slow longer.
It was a potion of heal wounds.
You feel much better. You block the hornet's attack.
The hornet barely misses you.
You feel very mighty all of a sudden. You block the hornet's attack. x2
Unknown command.
You closely miss the hornet.
The hornet is moderately wounded.
The hornet stings you.
You feel as though you will be slow longer.
You block the hornet's attack. x2; The hornet stings you.
You are poisoned.
You feel as though you will be slow longer.
You hit the hornet.
The hornet is heavily wounded.
You feel very sick. You block the hornet's attack. x2
The hornet stings you but does no damage.
Unknown command.
You barely miss the hornet.
The hornet is heavily wounded.
You feel very sick. The hornet barely misses you.
You block the hornet's attack. x2
Unknown command.
You slash the hornet!
The hornet is almost dead.
You feel sick. You block the hornet's attack. The hornet stings you.
* * * LOW HITPOINT WARNING * * *
You are lethally poisoned!
You feel as though you will be slow longer.
The hornet barely misses you.
You slash the hornet!
You kill the hornet!
Beogh accepts your kill.
You die...

######## ##......#
#.....#.##### #.#
#.#.#..@....#....#
#.._..###........#
##...## #>#.#....#
#..#. #.#.......
#.... #.####.###
#.### #.# .# #
#.####.##
#.......##
####.....##


There were no monsters in sight!

Vanquished Creatures
  A hornet (D:5)
  Grinder (D:4)
  An orc warrior (D:5)
  2 scorpions
  2 hounds
  A jelly (D:5)
  An orc priest (D:4)
  A sleepcap (D:5)
  Natasha (thrice) (D:4)
  An iguana (D:5)
  6 gnolls
  4 adders
  A shadow imp (D:4)
  A dart slug (D:3)
  6 orcs
  7 endoplasms
  A giant cockroach (D:2)
  8 goblins
  9 hobgoblins
  7 kobolds
  3 quokkas
  14 ball pythons
  2 bats (D:1)
  5 frilled lizards
  3 rats
91 creatures vanquished.

Vanquished Creatures (others)
  A hound (D:4)
1 creature vanquished.

Grand Total: 92 creatures vanquished

Notes
Turn   | Place    | Note
-------+----------+-------------------------------------------
     0 | D:1      | randomguy2701 the Hill Orc Fighter began the quest for the
                  | Orb.
     0 | D:1      | Reached XP level 1. HP: 19/19 MP: 1/1
   197 | D:1      | Reached XP level 2. HP: 25/27 MP: 2/2
   259 | D:1      | Reached skill level 3 in Axes
   355 | D:1      | Found a faded altar of an unknown god.
   483 | D:1      | Reached XP level 3. HP: 33/33 MP: 3/3
  1336 | D:2      | Reached XP level 4. HP: 30/40 MP: 4/4
  1515 | D:2      | Reached skill level 4 in Axes
  2033 | D:3      | Reached XP level 5. HP: 47/47 MP: 5/5
  2552 | D:4      | Became a worshipper of Beogh the Brigand
  2961 | D:4      | Noticed Natasha
  2972 | D:4      | Killed Natasha
  2973 | D:4      | Reached XP level 6. HP: 25/53 MP: 6/6
  2973 | D:4      | Noticed Natasha
  2980 | D:4      | Killed Natasha
  2981 | D:4      | Reached skill level 5 in Armour
  3107 | D:4      | Reached skill level 5 in Axes
  3160 | D:4      | Noticed Natasha
  3166 | D:4      | Killed Natasha
  3195 | D:4      | Noticed Grinder
  3225 | D:4      | Paralysed by Grinder for 5 turns
  3234 | D:4      | Paralysed by Grinder for 4 turns
  3238 | D:4      | Killed Grinder
  3239 | D:4      | Reached skill level 1 in Dodging
  3239 | D:4      | Reached XP level 7. HP: 6/60 MP: 7/7
  3589 | D:5      | Entered Level 5 of the Dungeon
  3605 | D:5      | Identified the +0 cloak of Untruth {Fly rF+}
  3618 | D:5      | Found an ornate altar of the Wu Jian Council.
  3639 | D:5      | Reached skill level 5 in Fighting
  3639 | D:5      | Reached skill level 5 in Shields
  3825 | D:5      | Found a radiant altar of Vehumet.
  3825 | D:5      | Found a bloodstained altar of Trog.
  3826 | D:5      | Found an iron altar of Okawaru.
  3840 | D:5      | Found an ancient bone altar of Kikubaaqudgha.
  3878 | D:5      | Reached skill level 6 in Axes
  4475 | D:5      | Found a sacrificial altar of Ru.
  4816 | D:5      | Found a stormy altar of Qazlal.
  4822 | D:5      | Noticed a hornet
  4825 | D:5      | Paralysed by a hornet for 1 turns
  4832 | D:5      | HP: 1/61 [hornet (7)]
  4839 | D:5      | Killed a hornet
  4839 | D:5      | Succumbed to a hornet's poison

Illustrated notes

Levels and vault maps discovered:
D:1:      ldierk_walled_garden_2, layout_loops_ring,
          ebering_ecumenical_altar_abandoned
D:2:      layout_loops_corners
D:3:      layout_basic
D:4:      layout_basic, uniq_grinder, uniq_natasha
D:5:      layout_loops_corners, lemuel_doored_altar,
          nicolae_overflow_quartered_altars, hangedman_feature_mirror,
          minmay_stone_trees_small, kennysheep_path_1,
          amcnicky_mini_corridor_feature, dreamdust_gnoll_farm

Skill      XL: |  1  2  3  4  5  6  7 |
---------------+----------------------+-----
Axes           | 3 4 5 6 |  6.7
Armour         | 4 5 |  5.7
Fighting       | 4 5 |  5.2
Shields        | 4 5 |  5.5
Dodging        | 1 |  1.2
Stealth        | |  0.2

Action                     |  1- 3 |  4- 6 |  7- 9 || total
---------------------------+-------+-------+-------++-------
  Melee: War axe           |   114 |   138 |    66 ||   318
 Invoke: Convert to Beogh  |       |     1 |       ||     1
    Use: Potion            |       |     4 |     2 ||     6
 Armour: Scale mail        |    79 |   145 |    21 ||   245
         Plate armour      |       |       |    22 ||    22
  Dodge: Dodged            |    51 |    68 |    19 ||   138
  Block: Buckler           |    27 |    70 |    19 ||   116
         Tower shield      |       |       |    52 ||    52

Table legend: (Time is in decaauts)
 A = Elapsed time spent in this place.
 B = Non-inter-level travel time spent in this place.
 C = Inter-level travel time spent in this place.
 D = Time resting spent in this place.
 E = Time spent auto-exploring this place.
 F = Levels seen in this place.
 G = Mean time per level.
                   A        B        C        D        E       F      G
               +--------+--------+--------+--------+--------+-----+--------+
         Total |   4988 |   4758 |    230 |      2 |   3914 |   5 |  997.6 |
       Dungeon |   4988 |   4758 |    230 |      2 |   3914 |   5 |  997.6 |
               +--------+--------+--------+--------+--------+-----+--------+

Top non-repeatable levels by time:
     D:4: 1454 daAuts
     D:2: 989 daAuts
     D:1: 986 daAuts
     D:5: 899 daAuts
     D:3: 658 daAuts
